 Dungeon Crawl Stone Soup version 0.26.1-2-gb8aa6d0cf2 (webtiles) character file.

Game seed: 10621900642635626907

795117 Amplified the Evocator (level 27, -12/215 HPs)
             Began as a Deep Elf Fighter on Mar 27, 2021.
             Was the Champion of Okawaru.
             Mangled by an Orb Guardian (23 damage)
             ... on level 5 of the Realm of Zot on Mar 28, 2021.
             The game lasted 03:10:15 (99202 turns).

Amplified the Evocator (Deep Elf Fighter)          Turns: 99202, Time: 03:10:16

Health: -12/215    AC: 37    Str: 31 (32) XL:     27
Magic:  39/39      EV: 23    Int: 18      God:    Okawaru [******]
Gold:   5108       SH:  0    Dex: 13 (14) Spells: 45/47 levels left

rFire    + + .     SeeInvis +   o - +18 lance "Wyrmbane" {slay drac, rPois rF+ rC+ AC+3}
rCold    + + +     Faith    +   Q - +5 tower shield {rC+ rF+}
rNeg     + + .     Spirit   .   b - +1 storm dragon scales
rPois    +         Reflect  .   x - +2 helmet {SInv}
rElec    +         Harm     .   e - +1 cloak {rPois}
rCorr    .         Rampage  .   z - +1 pair of gloves of the Scribe {rN++ Str+2}
Will     ++...                  h - +1 pair of boots
Stlth    ..........             m - amulet of Ummesupt {Faith +Inv +Fly rF- rC++}
HPRegen  0.00/turn              R - ring of Veink {rC+ EV+4 Str+8}
MPRegen  0.26/turn              U - ring of Fragile Peace {rPois rF+}

@: confused, mighty, about to teleport, heroism, finesse
A: hooves 1, rugged brown scales 3, deterioration 2, robust 1, inhibited
regeneration, evolution 1
}: 5/15 runes: decaying, serpentine, slimy, silver, abyssal
a: Renounce Religion, Evoke Invisibility, Evoke Flight, Heroism, Finesse


You were on level 5 of the Realm of Zot.
You worshipped Okawaru.
Okawaru was exalted by your worship.
You visited 12 branches of the dungeon, and saw 58 of its levels.
You visited the Abyss 5 times.
You visited 1 ziggurat, and saw 7 of its levels.
You also visited: Sewer, Gauntlet and Ice Cave.

You collected 12882 gold pieces.
You spent 7774 gold pieces at shops.

Inventory:

Hand Weapons
 o - the +18 lance "Wyrmbane" (weapon) {slay drac, rPois rF+ rC+ AC+3}
   (You took it off a yaktaur on level 2 of the Depths)

   It affects your AC (+3).
   It protects you from fire.
   It protects you from cold.
   It protects you from poison.
 C - a +7 double sword of holy wrath
Missiles
 g - 187 poisoned darts (quivered)
 D - 33 silver javelins
Armour
 b - +1 storm dragon scales (worn)
 e - a +1 cloak of poison resistance (worn)
 h - a +1 pair of boots (worn)
 l - the +7 chain mail of the Haunted Wumpus {rF+ rC- rN+++ Regen+}
   (You bought it in a shop on level 9 of the Dungeon)

   It protects you from fire.
   It makes you vulnerable to cold.
   It renders you almost immune to negative energy.
   It increases your rate of regeneration.
 u - the +0 pair of gloves of the Land of Plenty {*Drain rPois rF+ Str+4}
   (You acquired it on level 1 of the Realm of Zot)

   It affects your strength (+4).
   It protects you from fire.
   It protects you from poison.
   It causes draining when unequipped.
 x - a +2 helmet of see invisible (worn)
 z - the +1 pair of gloves of the Scribe (worn) {rN++ Str+2}
   (You bought it in a shop on level 9 of the Dungeon)

   It affects your strength (+2).
   It greatly protects you from negative energy.
 Q - a +5 tower shield of resistance (worn)
 V - the +5 scale mail "Nephitiq" {rCorr Int+2 Dex+4}
   (You took it off a deep elf high priest on level 2 of the Depths)

   It affects your intelligence (+2).
   It affects your dexterity (+4).
   It provides partial protection from all sources of acid and corrosion.
 Z - the +7 Kryia's mail coat {PotionHeal*2 rC+}
   (You found it on level 3 of the Depths)

   It protects you from cold.
Jewellery
 m - the amulet of Ummesupt (around neck) {Faith +Inv +Fly rF- rC++}
   (You found it on level 3 of the Crypt)

   [amulet of faith]

   It allows you to gain divine favour quickly.
   It makes you vulnerable to fire.
   It greatly protects you from cold.
   It lets you turn invisible.
   It lets you fly.
 n - an uncursed ring of resist corrosion
 q - the ring of Nikh {rElec Will+ MP+9 Int+2}
   (You acquired it on level 4 of a ziggurat)

   [ring of willpower]

   It affects your intelligence (+2).
   It insulates you from electricity.
   It affects your willpower, your defense against some magical effects.
   It affects your magic capacity (+9).
 K - the ring of Jitwyas {rN+ Str+4}
   (You found it on level 6 of a ziggurat)

   [ring of positive energy]

   It affects your strength (+4).
   It protects you from negative energy.
 L - the ring "Maskug" {rPois Will+ Dex+3}
   (You found it on level 10 of the Dungeon)

   [ring of poison resistance]

   It affects your dexterity (+3).
   It protects you from poison.
   It affects your willpower, your defense against some magical effects.
 R - the ring of Veink (left hand) {rC+ EV+4 Str+8}
   (You found it in a Gauntlet)

   [ring of evasion]

   It affects your evasion (+4).
   It affects your strength (+8).
   It protects you from cold.
 U - the ring of Fragile Peace (right hand) {rPois rF+}
   (You found it on level 5 of the Pits of Slime)

   [ring of poison resistance]

   It protects you from fire.
   It protects you from poison.
Wands
 j - a wand of iceblast (52)
 s - a wand of acid (20)
 X - a wand of digging (18)
Scrolls
 a - 2 scrolls of fog
 f - 4 scrolls of amnesia
 k - a scroll of blinking
 r - 32 scrolls of remove curse
 A - a scroll of summoning
 B - 18 scrolls of identify
 G - 2 scrolls of teleportation
 N - a scroll of fear
Potions
 c - 3 potions of cancellation
 d - 2 potions of might
 p - 9 potions of brilliance
 t - 8 potions of flight
 v - 11 potions of attraction
 F - 10 potions of ambrosia
 I - a potion of berserk rage
 O - 6 potions of mutation
 P - 5 potions of magic
Miscellaneous
 i - a phantom mirror
 w - a tin of tremorstones (2/2)
 y - a condenser vane
 T - a lightning rod (4/4)
 W - a phial of floods


   Skills:
 * Level 22.1(27) Fighting
 - Level 9.5(20.9) Short Blades
 - Level 18.5(24.1) Long Blades
 - Level 12.0(17.0) Polearms
 - Level 13.6(18.6) Armour
 - Level 12.3(17.3) Dodging
 * Level 21.6(26.6) Shields
 - Level 10.6 Spellcasting
 - Level 3.2 Transmutations
 - Level 3.2 Earth Magic
 * Level 16.8 Invocations
 * Level 24.6 Evocations


You had 45 spell levels left.
You knew the following spells:

 Your Spells              Type           Power        Failure   Level
a - Passwall              Tmut/Erth      17%          9%          2

Your spell library contained the following spells:

 Spells                   Type           Power        Failure   Level
 Beastly Appendage        Tmut           42%          5%          1
 Sandblast                Erth           42%          5%          1
 Wereblood                Tmut           21%          9%          2
 Sting                    Tmut/Pois      60%          11%         1
 Animate Skeleton         Necr           18%          21%         1
 Apportation              Tloc           18%          21%         1
 Corona                   Hex            10%          21%         1
 Foxfire                  Conj/Fire      36%          21%         1
 Freeze                   Ice            36%          21%         1
 Magic Dart               Conj           36%          21%         1
 Pain                     Necr           36%          21%         1
 Shock                    Conj/Air       36%          21%         1
 Summon Small Mammal      Summ           36%          21%         1
 Call Imp                 Summ           9%           30%         2
 Corpse Rot               Necr/Air       N/A          30%         2
 Ensorcelled Hibernation  Hex/Ice        18%          30%         2
 Poisonous Vapours        Pois/Air       18%          30%         2
 Searing Ray              Conj           18%          30%         2
 Slow                     Hex            9%           30%         2
 Sublimation of Blood     Necr           4%           30%         2
 Swiftness                Air            9%           30%         2
 Spider Form              Tmut/Pois      7%           30%         3
 Stone Arrow              Conj/Erth      30%          30%         3
 Ignite Poison            Fire/Tmut/Pois 13%          36%         3
 Petrify                  Tmut/Erth      21%          47%         4
 Call Canine Familiar     Summ           9%           52%         3
 Confusing Touch          Hex            9%           52%         3
 Conjure Flame            Conj/Fire      9%           52%         3
 Dazzling Flash           Conj/Hex       18%          52%         3
 Frozen Ramparts          Ice            18%          52%         3
 Inner Flame              Hex/Fire       9%           52%         3
 Lesser Beckoning         Tloc           4%           52%         3
 Mephitic Cloud           Conj/Pois/Air  9%           52%         3
 Ozocubu's Armour         Ice            9%           52%         3
 Portal Projectile        Hex/Tloc       18%          52%         3
 Static Discharge         Conj/Air       9%           52%         3
 Summon Guardian Golem    Hex/Summ       9%           52%         3
 Teleport Other           Tloc           9%           52%         3
 Tukima's Dance           Hex            9%           52%         3
 Vampiric Draining        Necr           4%           52%         3
 Ice Form                 Ice/Tmut       15%          71%         4
 Leda's Liquefaction      Hex/Erth       7%           71%         4
 Lee's Rapid Deconstruct  Erth           10%          82%         5
 Blade Hands              Tmut           10%          83%         5
 Airstrike                Air            4%           90%         4
 Animate Dead             Necr           4%           90%         4
 Cause Fear               Hex            4%           90%         4
 Dispel Undead            Necr           9%           90%         4
 Fulminant Prism          Conj/Hex       4%           90%         4
 Hailstorm                Conj/Ice       9%           90%         4
 Iskenderun's Mystic Bla  Conj/Tloc      9%           90%         4
 Olgreb's Toxic Radiance  Pois           9%           90%         4
 Sticky Flame             Conj/Fire      9%           90%         4
 Summon Ice Beast         Ice/Summ       9%           90%         4
 Summon Lightning Spire   Summ/Air       9%           90%         4
 Alistair's Intoxication  Tmut/Pois      10%          96%         5
 Borgnjor's Vile Clutch   Necr/Erth      7%           96%         5
 Irradiate                Conj/Tmut      7%           96%         5
 Yara's Violent Unravell  Hex/Tmut       7%           96%         5
 Bolt of Magma            Conj/Fire/Erth 6%           98%         5
 Agony                    Necr           9%           99%         5
 Excruciating Wounds      Necr           4%           99%         5
 Fireball                 Conj/Fire      4%           99%         5
 Iskenderun's Battlesphe  Conj           9%           99%         5
 Lightning Bolt           Conj/Air       4%           99%         5
 Silence                  Hex/Air        4%           99%         5
 Summon Demon             Summ           4%           99%         5
 Summon Forest            Summ/Tloc      4%           99%         5
 Summon Mana Viper        Hex/Summ       9%           99%         5
 Conjure Ball Lightning   Conj/Air       4%           100%        6
 Eringya's Noxious Bog    Tmut/Pois      7%           100%        6
 Freezing Cloud           Conj/Ice/Air   4%           100%        6
 Hydra Form               Tmut           10%          100%        6
 Invisibility             Hex            9%           100%        6
 Iron Shot                Conj/Erth      7%           100%        6
 Shadow Creatures         Summ           N/A          100%        6
 Starburst                Conj/Fire      4%           100%        6
 Statue Form              Tmut/Erth      14%          100%        6
 Dragon Form              Tmut           10%          100%        7
 Malign Gateway           Summ/Tloc      4%           100%        7
 Monstrous Menagerie      Summ           4%           100%        7
 Orb of Destruction       Conj           4%           100%        7
 Spellforged Servitor     Conj/Summ      4%           100%        7
 Summon Greater Demon     Summ           4%           100%        7
 Summon Hydra             Summ           4%           100%        7
 Chain Lightning          Conj/Air       4%           100%        8
 Discord                  Hex            4%           100%        8
 Ignition                 Fire           4%           100%        8
 Lehudib's Crystal Spear  Conj/Erth      7%           100%        8
 Summon Horrible Things   Summ           4%           100%        8
 Absolute Zero            Ice            4%           100%        9
 Fire Storm               Conj/Fire      4%           100%        9
 Shatter                  Erth           10%          100%        9
 Tornado                  Air            4%           100%        9


Dungeon Overview and Level Annotations

Branches:
Dungeon (15/15)            Temple (0/1) D:4            Lair (6/6) D:11
  Swamp (4/4) Lair:2        Snake (4/4) Lair:2        Slime (5/5) Lair:6
    Orc (2/2) D:12            Elf (3/3) Orc:2        Vaults (5/5) D:14
  Crypt (3/3) Vaults:2       Tomb (0/3) Crypt:3      Depths (5/5) D:15
   Hell (visited)             Zot (5/5) Depths:5      Sewer (visited)
  IceCv (visited)         Gauntlet (visited)
    Dis: Hell:1         Geh: Hell:1         Coc: Hell:1         Tar: Hell:1

Altars:
Ashenzari
Elyvilon
Gozag
Hepliaklqana
Kikubaaqudgha
Makhleb
Nemelex Xobeh
Okawaru
Qazlal
Ru
Sif Muna
Yredelemnul
Zin
The Shining One
Jiyva

Shops:
D:8 *   D:9 [   Orc:2 =:![?=!*   Snake:4 [   Vaults:1 *   Vaults:2 =
Vaults:3 ?   Vaults:5 (   Zot:1 *   Depths:1 *[(}!

Portals:
Hell: Lair:6 Depths:1 Depths:2 Depths:3 Depths:4 Depths:5
Abyss: Depths:4 Depths:5
Pandemonium: Depths:3

Annotations:
D:4 2 runed translucent doors, Aapotti's ghost, weakling HOAM
D:9 Gloves
D:10 Get items from shops
D:14 Roxanne
Depths:1 Abyss, Vaults, Slime - Spells online
Hell Geryon
Zot:1 rN+ gloves to allow Storm Dragon


Innate Abilities, Weirdness & Mutations

You have large cloven feet.
You are completely covered in rugged brown scales. (AC +3, +7% HP)
Your body often deteriorates upon taking damage.
You are robust. (+10% HP)
You do not regenerate when monsters are visible.
You evolve.


Message History

Unknown command.
The orb of fire emits a lurid red light.
The fireball explodes!
The fireball engulfs you. You resist.
* * * LOW HITPOINT WARNING * * *
Unknown command.
Unknown command.
You block the Killer Klown's attack.
Unknown command.
The Killer Klown blinks!
Unknown command.
Unknown command.
Really walk into that permanent teleport trap?
You enter a permanent teleport trap!
Your surroundings suddenly seem different.
An Orb Guardian comes into view.
Found a plate armour.
The Orb Guardian hits you but does no damage.
You are confused.
You feel invigorated. The Orb Guardian hits you!!
You die...

▓▓▓▓▓▓▓▓#
.[..^..@### ##
.^..##..X.# ##. .
###...###########..
##....^..........
#............§#
#...........*.#
#..^...^....##
#......^....#
##.......p..^##


You could see an Orb Guardian.

Vanquished Creatures
  the Royal Jelly (Slime:5)
  Dissolution (Slime:1)
  Mara (Depths:4)
  2 orbs of fire
  4 ancient liches
  The ghost of dracomuter the Slayer, a legendary HuFi of the Shining One (Zot:1)
  A royal mummy (Zig:6)
  Boris (Vaults:4)
  A Killer Klown (Zot:5)
  2 curse toes
  Xtahua (Depths:4)
  Margery (Vaults:3)
  20 golden dragons
  7 bone dragons
  A profane servitor (Abyss:3)
  Nikola (Depths:1)
  6 liches
  Jorgrun (D:14)
  A Hell Sentinel (Abyss:4)
  Rupert (Lair:6)
  20 tentacled monstrosities
  9 Orb Guardians (Zot:5)
  4 deep elf blademasters
  6 quicksilver dragons
  3 titans
  27 acid blobs
  An Executioner (Zig:2)
  4 deep elf master archers (Elf:3)
  7 tentacled starspawn
  8 sphinxes
  9 death cobs
  Kirke (D:14)
  8 tengu reavers
  7 thorn hunters
  17 storm dragons
  Donald (Swamp:3)
  12 shadow dragons
  7 nagarajas
  12 draconian monks
  A daeva (Zig:3)
  10 azure jellies
  6 iron dragons
  18 fire giants
  2 balrugs
  An orc warlord (Orc:2)
  8 deep elf sorcerers
  10 draconian scorchers
  9 draconian knights
  6 frost giants
  A ghost moth (shapeshifter) (Vaults:5)
  Aizul (Swamp:2)
  15 vault wardens
  14 ironheart preservers
  A ghost moth (Zot:2)
  4 ghouls
  8 draconian shifters
  6 deep elf elementalists (Elf:3)
  2 cacodemons
  7 draconian stormcallers
  An ophan (Zig:3)
  3 curse skulls
  33 very ugly things
  3 draconian annihilators
  35 starcursed masses
  The ghost of xfalz the Thaumaturge, a journeyman GnSk of Ashenzari (Swamp:2)
  4 war gargoyles
  A juggernaut skeleton (Depths:3)
  13 vampire knights
  16 black draconians
  21 stone giants
  6 deep elf annihilators
  3 dire elephants
  16 red draconians
  8 green draconians
  12 yellow draconians
  6 deep elf demonologists
  7 purple draconians
  Azrael (Elf:1)
  17 white draconians
  4 spark wasps
  A minotaur (Gauntlet)
  The ghost of Deed the Peltast, a journeyman MiFi of Wu Jian (Lair:3)
  15 ettins
  4 bunyips
  10 deep elf death magi
  A mummy priest (Zig:6)
  3 eidola
  7 eleionomae
  2 blizzard demons
  Josephine (D:12)
  16 jiangshi
  17 great orbs of eyes
  A quicksilver dragon zombie (Zig:5)
  8 death oozes
  5 shambling mangroves
  6 deep elf high priests
  18 fire dragons
  17 ice dragons
  23 yaktaur captains
  34 hydras
  21 naga warriors
  Harold (Orc:1)
  8 rakshasas
  30 vault guards
  7 boulder beetles
  2 quicksilver dragon skeletons (Crypt:3)
  5 spriggan air magi
  A catoblepas (Lair:6)
  5 death knights
  13 centaur warriors
  15 ogre magi
  4 ghost crabs
  15 anacondas
  39 two-headed ogres
  A two-headed ogre (shapeshifter) (Depths:5)
  6 tengu warriors
  A queen ant (Gauntlet)
  25 dancing weapons
  2 hell hogs (Abyss:1)
  2 death yaks (Lair:5)
  12 deep troll earth magi
  2 titan zombies
  11 thrashing horrors
  8 vampire magi
  15 alligators
  A spriggan berserker (Depths:3)
  An orc high priest (Elf:1)
  10 shock serpents
  A shock serpent (shapeshifter) (Depths:4)
  8 deep troll shamans
  30 deep elf knights
  19 naga sharpshooters
  27 large abominations
  Urug (D:11)
  A storm dragon zombie (Crypt:3)
  4 wretched stars
  3 sixfirhies
  23 skeletal warriors
  2 fire crabs (shapeshifter)
  6 sun demons
  2 spatial maelstroms
  A cherub (Zig:3)
  26 hell knights
  5 iron trolls
  A shadow wraith (D:14)
  A fire crab (Elf:1)
  3 glowing orange brains
  7 salamander mystics
  2 spriggan druids
  2 entropy weaver zombies (Crypt:2)
  A death drake (Elf:1)
  A storm dragon skeleton (Elf:1)
  7 unseen horrors
  A golden dragon zombie (Depths:3)
  8 sea snakes
  33 deep trolls
  17 deep elf archers
  12 swamp dragons
  A spark wasp zombie (Depths:1)
  6 flayed ghosts
  2 anaconda zombies (Abyss:2)
  4 obsidian statues
  3 bog bodies
  8 ironbrand convokers
  A shadow dragon zombie (Crypt:1)
  3 orange crystal statues
  7 naga ritualists
  A harpy (shapeshifter) (Elf:1)
  6 wizards
  A shining eye (shapeshifter) (Vaults:5)
  16 phantasmal warriors
  An iron dragon zombie (Crypt:1)
  6 lindwurms
  21 mana vipers
  15 orc knights
  Pikel (D:8)
  A mana viper (shapeshifter) (Vaults:5)
  2 wolf spider zombies
  13 necromancers
  64 deep elf magi
  33 ugly things
  A manticore (D:13)
  10 wolf spiders
  6 will-o-the-wisps
  A stone giant zombie (Zig:5)
  2 orc sorcerers
  2 shadow dragon skeletons
  5 shining eyes
  A cyclops (shapeshifter) (Depths:5)
  10 oklob plants
  A moth of wrath (shapeshifter) (Depths:3)
  9 worldbinders
  A salamander (shapeshifter) (Vaults:1)
  2 frost giant skeletons
  7 cyclopes
  An iron dragon skeleton (Depths:3)
  25 moths of wrath
  4 elephants (Lair:4)
  18 salamanders
  3 elf zombies
  2 stone giant skeletons
  A fire giant skeleton (Depths:2)
  38 black mambas
  17 vault sentinels
  10 guardian serpents
  2 molten gargoyles (Elf:1)
  3 eyes of devastation
  29 naga magi
  2 torpor snails
  2 ice statues (IceCv)
  Psyche (D:9)
  An orange demon (Abyss:1)
  5 gargoyles
  3 storm dragon simulacra
  An emperor scorpion zombie (Abyss:1)
  3 kobold demonologists (D:13)
  10 smoke demons
  An apocalypse crab (Abyss:4)
  A dire elephant skeleton (Crypt:3)
  2 hellions
  A red draconian zombie (Crypt:2)
  A minotaur zombie (Gauntlet)
  3 spriggan skeletons
  13 cane toads
  6 komodo dragons
  A yellow draconian zombie (Crypt:3)
  3 demonic crawlers
  6 ice devils
  44 yaktaurs
  A yaktaur (shapeshifter) (Vaults:5)
  A redback zombie (D:15)
  10 rime drakes
  7 guardian mummies
  11 freezing wraiths
  A golden dragon simulacrum (Abyss:2)
  A catoblepas skeleton (Crypt:3)
  2 human skeletons
  A pale draconian skeleton (Crypt:2)
  8 tengu conjurers
  9 ancient zymes
  6 red devils
  An elf skeleton (Elf:1)
  A queen bee (shapeshifter) (Depths:3)
  8 trolls
  A death yak skeleton (Crypt:2)
  2 polar bears
  14 tyrant leeches
  A hornet (shapeshifter) (Elf:3)
  Prince Ribbit (D:5)
  2 harpy zombies
  29 hornets
  3 raiju (shapeshifter)
  19 blink frogs
  An alligator zombie (Crypt:1)
  A dream sheep (Lair:6)
  120 slime creatures
  12 raiju
  A harpy skeleton (Abyss:2)
  A boulder beetle zombie (Vaults:2)
  A tengu simulacrum (Vaults:2)
  A fire dragon zombie (Abyss:2)
  2 meliai zombies (D:15)
  2 air elementals
  A redback (shapeshifter) (Depths:2)
  26 flying skulls
  3 redbacks (Elf:1)
  8 shadows
  An ettin skeleton (Vaults:1)
  22 wraiths
  2 ushabtiu
  49 orc warriors
  A tarantella (shapeshifter) (Depths:3)
  A dire elephant simulacrum (Crypt:1)
  10 water elementals
  16 yaks
  3 ynoxinuls
  21 spriggans
  3 wyverns
  8 fire elementals
  6 fire bats
  A tarantella (Elf:1)
  6 basilisks
  4 hogs
  27 small abominations
  Grum (D:8)
  7 chaos spawn
  16 golden eyes
  A spriggan simulacrum (Depths:2)
  A human (shapeshifter) (Depths:2)
  2 steam dragons (D:11)
  A hog (shapeshifter) (Elf:2)
  4 vampire mosquitoes
  5 wargs
  4 neqoxecs
  A soldier ant (shapeshifter) (Vaults:1)
  4 soldier ants
  17 swamp worms
  66 nagas
  An acid dragon (Vaults:2)
  A deep troll skeleton (Crypt:2)
  21 water moccasins
  A water moccasin (shapeshifter) (Lair:6)
  6 hell hounds
  A spatial vortex (Abyss:3)
  A floating eye (shapeshifter) (Depths:3)
  4 floating eyes
  A swamp drake (shapeshifter) (Vaults:5)
  2 hornet zombies (D:15)
  9 ice beasts
  8 sky beasts
  13 swamp drakes
  A black bear (Lair:1)
  A boulder beetle simulacrum (Vaults:1)
  11 eyes of draining
  2 phantoms
  11 boggarts
  5 human zombies
  A necrophage (Crypt:1)
  21 wolves
  52 ogres
  27 centaurs
  An orc zombie (Vaults:2)
  2 manticore skeletons
  21 bullfrogs
  A big kobold (shapeshifter) (Vaults:5)
  3 earth elementals
  2 gnoll sergeants
  2 wyvern zombies
  A cane toad simulacrum (Crypt:1)
  A glowing shapeshifter simulacrum (Elf:1)
  An ogre simulacrum (Vaults:1)
  A wyvern skeleton (D:12)
  A water moccasin skeleton (D:6)
  6 killer bees (D:9)
  4 scorpions
  2 human simulacra (Vaults:2)
  A snapping turtle simulacrum (Abyss:3)
  A vampire bat (Elf:1)
  12 wights
  3 electric eels
  3 howler monkeys (D:8)
  8 crimson imps
  2 lava snakes (Elf:1)
  A black bear zombie (Crypt:2)
  2 bullfrog zombies
  5 centaur zombies
  5 quasits
  2 centaur skeletons
  6 hounds
  24 orc wizards
  23 orc priests
  8 iron imps
  3 jellies
  2 bullfrog skeletons
  5 iguanas
  5 lightning spires (Zot:3)
  9 worker ants
  A killer bee zombie (D:5)
  2 naga skeletons
  A hound skeleton (D:5)
  28 mummies
  A howler monkey zombie (Crypt:2)
  A worker ant zombie (D:10)
  14 gnolls
  14 adders
  3 shadow imps
  11 white imps
  4 ufetubi
  An ooze (D:1)
  2 adder skeletons
  2 adder zombies
  4 worms
  3 leopard geckos
  105 orcs
  3 bats
  9 giant cockroaches
  4 goblins
  9 hobgoblins
  9 jackals
  4 quokkas
  3 ball pythons
  3 frilled lizards
  A goblin skeleton (Crypt:2)
  A hobgoblin skeleton (Crypt:1)
  A jackal zombie (D:7)
  16 kobolds
  2 leopard gecko zombies
  An orc skeleton (Crypt:3)
  A quokka skeleton (Crypt:1)
  2 rats (D:3)
  2 briar patches (Swamp:3)
  2 crawling corpses
  10 starspawn tentacles
3095 creatures vanquished.

Vanquished Creatures (collateral kills)
  An azure jelly (Slime:5)
  A wight (D:6)
  A gnoll (D:8)
3 creatures vanquished.

Vanquished Creatures (others)
  A tentacled monstrosity (Zot:5)
  A fire giant (Vaults:5)
  A draconian scorcher (Zot:5)
  A draconian annihilator (Zot:5)
  A red draconian (Zot:5)
  A necromancer (Depths:2)
  3 deep elf magi
  A guardian serpent (Snake:3)
  A naga mage (Snake:2)
  A human zombie (Vaults:2)
  A yaktaur (Depths:5)
  3 small abominations
  3 bloated husks
  A water elemental (Depths:3)
  5 golden eyes (Abyss:2)
  A fire elemental (Elf:1)
  2 humans (D:14)
  A hell hound (Depths:2)
  A sky beast (D:11)
  A black bear (D:6)
  2 boggarts
  A wight (D:6)
  A gnoll (D:7)
  A white imp (Depths:1)
  5 briar patches
  32 foxfires
  33 fungi
  97 plants
  30 starspawn tentacles
  4 toadstools (D:1)
  4 withered plants (D:15)
241 creatures vanquished.

Grand Total: 3339 creatures vanquished

Notes
Turn   | Place    | Note
-------+----------+-------------------------------------------
     0 | D:1      | Amplified the Deep Elf Fighter began the quest for the Orb.
     0 | D:1      | Reached XP level 1. HP: 13/13 MP: 3/3
   309 | D:1      | Reached XP level 2. HP: 18/18 MP: 4/4
   928 | D:2      | Reached XP level 3. HP: 17/22 MP: 5/5
  1614 | D:2      | Reached XP level 4. HP: 24/27 MP: 6/6
  2898 | D:3      | Reached XP level 5. HP: 27/32 MP: 7/7
  3580 | D:4      | Found a staircase to the Ecumenical Temple.
  3601 | D:4      | Found an iron altar of Okawaru.
  3614 | D:4      | Became a worshipper of Warmaster Okawaru
  3626 | D:4      | Found a large runed translucent door.
  3627 | D:4      | Found a large runed translucent door.
  3631 | D:4      | Noticed Aapotti's ghost (weakling HOAM)
  4141 | D:4      | Found a glowing silver altar of Zin.
  4433 | D:4      | Found a sacrificial altar of Ru.
  4433 | D:4      | Found a stormy altar of Qazlal.
  4576 | D:5      | Entered Level 5 of the Dungeon
  4657 | D:5      | Reached XP level 6. HP: 37/37 MP: 8/8
  5025 | D:5      | Found a glowing drain.
  5048 | Sewer    | Entered a sewer
  5299 | Sewer    | Noticed a water moccasin
  5307 | Sewer    | Killed a water moccasin
  5307 | Sewer    | Reached * piety under Okawaru
  5308 | Sewer    | Reached XP level 7. HP: 43/43 MP: 9/9
  5522 | D:5      | Noticed Prince Ribbit
  5539 | D:5      | Killed Prince Ribbit
  5900 | D:5      | Found a shimmering blue altar of Sif Muna.
  5961 | D:5      | Reached skill level 5 in Short Blades
  6458 | D:6      | Reached XP level 8. HP: 36/48 MP: 10/10
  6614 | D:6      | You fall into a shaft and drop 1 floor!
  6871 | D:7      | Reached ** piety under Okawaru
  6890 | D:7      | Reached skill level 5 in Fighting
  7063 | D:7      | Reached skill level 5 in Shields
  7294 | D:6      | Found a glowing golden altar of the Shining One.
  7993 | D:6      | Reached skill level 1 in Invocations
  8509 | D:7      | Reached XP level 9. HP: 52/55 MP: 12/12
  8574 | D:7      | Found a sparkling altar of Nemelex Xobeh.
  8969 | D:8      | Found Fiqapsen's General Store.
  8977 | D:8      | Bought a scroll of teleportation for 42 gold pieces
  8977 | D:8      | Bought a +2 helmet for 231 gold pieces
  9114 | D:8      | Noticed Pikel
  9134 | D:8      | Killed Pikel
  9134 | D:8      | Reached *** piety under Okawaru
  9418 | D:8      | Noticed Grum
  9481 | D:8      | Killed Grum
 10022 | D:9      | Found a basalt altar of Yredelemnul.
 10030 | D:9      | Found Carphoova's Armour Shop.
 10183 | D:9      | Noticed a troll
 10212 | D:9      | Killed a troll
 10414 | D:9      | Noticed Psyche
 10431 | D:9      | Killed Psyche
 10431 | D:9      | Reached **** piety under Okawaru
 10435 | D:9      | Reached XP level 10. HP: 61/61 MP: 14/14
 10497 | D:9      | Noticed a two-headed ogre
 10530 | D:9      | Killed a two-headed ogre
 10925 | D:9      | Reached ***** piety under Okawaru
 11030 | D:9      | Found a hazy altar of Hepliaklqana.
 11104 | D:9      | Noticed a two-headed ogre
 11142 | D:9      | Killed a two-headed ogre
 11316 | D:9      | Reached skill level 5 in Invocations
 11476 | D:9      | Found a burning altar of Makhleb.
 11478 | D:9      | Noticed a cacodemon
 11513 | D:10     | Entered Level 10 of the Dungeon
 11725 | D:10     | Received a gift from Okawaru
 11968 | D:10     | Reached XP level 11. HP: 65/68 MP: 17/17
 13187 | D:11     | Noticed a two-headed ogre
 13222 | D:11     | Killed a two-headed ogre
 13223 | D:11     | Reached skill level 1 in Long Blades
 13647 | D:11     | Found a staircase to the Lair.
 13750 | D:11     | Noticed a four-headed hydra
 13804 | D:11     | Killed a four-headed hydra
 14369 | D:12     | Found a staircase to the Orcish Mines.
 15015 | D:12     | Noticed Josephine
 15062 | D:12     | Killed Josephine
 16139 | D:11     | Identified the +1 falchion "Ciabuit" {vorpal, Stlth+}
 16140 | D:11     | Noticed Urug
 16171 | D:11     | Killed Urug
 16668 | D:11     | Reached XP level 12. HP: 37/76 MP: 19/19
 16989 | Orc:1    | Entered Level 1 of the Orcish Mines
 16989 | Orc:1    | Noticed Harold
 17093 | Lair:1   | Entered Level 1 of the Lair of Beasts
 17491 | Lair:1   | Noticed an eight-headed hydra
 17546 | Lair:1   | Killed an eight-headed hydra
 18016 | Lair:1   | Reached skill level 5 in Long Blades
 18569 | Lair:2   | Found an opulent altar of Gozag.
 18715 | Lair:2   | Found a gate leading to a gauntlet.
 18716 | Lair:2   | Noticed an eight-headed hydra
 18760 | Lair:2   | Killed an eight-headed hydra
 18833 | Gauntlet | Entered a Gauntlet
 18833 | Gauntlet | Found a transporter.
 18833 | Gauntlet | Found a transporter.
 19018 | Gauntlet | Found a transporter.
 19021 | Gauntlet | Found a transporter.
 19030 | Gauntlet | Found a transporter.
 19032 | Gauntlet | Found a transporter.
 19037 | Gauntlet | Noticed a hell hog
 19040 | Gauntlet | Found a transporter.
 19058 | Gauntlet | Found a transporter.
 19078 | Gauntlet | Found a transporter.
 19079 | Gauntlet | Found a transporter.
 19089 | Gauntlet | Found a transporter.
 19092 | Gauntlet | Found a transporter.
 19130 | Gauntlet | Noticed a queen ant
 19218 | Gauntlet | Killed a queen ant
 19285 | Gauntlet | Reached skill level 10 in Shields
 19288 | Gauntlet | Reached skill level 10 in Fighting
 19311 | Gauntlet | Received a gift from Okawaru
 19314 | Gauntlet | Got a heavily runed ring mail {god gift}
 19325 | Gauntlet | Identified the +1 ring mail of Ownoajen {rPois rCorr Str-5
                  | Int+7} (Okawaru gifted it to you in a Gauntlet)
 19339 | Gauntlet | Got a vibrating amber ring
 19341 | Gauntlet | Identified the ring of Veink {rC+ EV+4 Str+8} (You found it
                  | in a Gauntlet)
 19389 | Gauntlet | Identified the +6 dagger of the Orb {freeze, rElec rC-
                  | Dex+7}
 19389 | Gauntlet | Noticed a minotaur
 19403 | Gauntlet | Killed a minotaur
 19757 | Lair:2   | Noticed an eight-headed hydra
 19775 | Lair:2   | Killed an eight-headed hydra
 19866 | Lair:2   | Found a staircase to the Snake Pit.
 20016 | Lair:2   | Noticed a seven-headed hydra
 20029 | Lair:2   | Killed an eight-headed hydra
 20139 | Lair:2   | Noticed an eight-headed hydra
 20152 | Lair:2   | Killed an eight-headed hydra
 20153 | Lair:2   | Reached XP level 13. HP: 42/83 MP: 19/21
 20332 | Lair:2   | Found a staircase to the Swamp.
 20764 | Lair:3   | Found a transporter.
 20865 | Lair:3   | Noticed Deed's ghost (journeyman MiFi)
 20868 | Lair:3   | Found a transporter.
 21443 | Lair:5   | Received a gift from Okawaru
 22042 | Lair:5   | You fall into a shaft and drop 1 floor!
 22042 | Lair:6   | Entered Level 6 of the Lair of Beasts
 22228 | Lair:6   | Noticed Rupert
 22250 | Lair:6   | Paralysed by Rupert for 3 turns
 22275 | Lair:6   | Killed Rupert
 22550 | Lair:6   | Received a gift from Okawaru
 22675 | Lair:6   | Found a staircase to the Slime Pits.
 23162 | Lair:6   | Reached XP level 14. HP: 78/90 MP: 23/23
 23653 | Lair:6   | Cast into level 2 of the Abyss (a wizard)
 23658 | Abyss:2  | Noticed a brown very ugly thing
 23658 | Abyss:2  | Noticed a brown very ugly thing
 23659 | Abyss:2  | Noticed a green very ugly thing
 23729 | Abyss:2  | Got a steaming war axe
 23872 | Abyss:2  | Found a corrupted altar of Lugonu.
 24125 | Abyss:2  | Noticed a starcursed mass
 24145 | Abyss:2  | Killed a starcursed mass
 24248 | Abyss:2  | Noticed a bone dragon
 24304 | Lair:6   | Escaped the Abyss
 24323 | Lair:6   | Found a burning altar of Makhleb.
 24332 | Lair:6   | Reached skill level 10 in Invocations
 24881 | Lair:6   | Received a gift from Okawaru
 24924 | Lair:6   | Found a gateway to Hell.
 24942 | Lair:6   | Got a diamond-encrusted plate armour
 24946 | Lair:6   | Identified the +5 plate armour "Jerhyj" {-Cast Int+9
                  | Stlth+} (You found it on level 6 of the Lair of Beasts)
 26146 | Lair:4   | Reached skill level 10 in Long Blades
 26476 | Lair:4   | Identified the +8 war axe of Disharmony {venom, Str+2
                  | Int+3} (You found it on level 2 of the Abyss)
 26669 | D:9      | Bought the +7 chain mail of the Haunted Wumpus {rF+ rC-
                  | rN+++ Regen+} for 945 gold pieces
 27032 | D:13     | You fall into a shaft and drop 2 floors!
 27032 | D:15     | Entered Level 15 of the Dungeon
 27047 | D:14     | Reached skill level 1 in Dodging
 27063 | D:14     | Found a broken altar of Ashenzari.
 27110 | D:14     | Identified Roxanne's Volume of the Rocks
 27110 | D:14     | Noticed Roxanne
 27229 | D:14     | Noticed Kirke
 27256 | D:14     | Killed Kirke
 27313 | D:14     | Noticed Jorgrun
 27335 | D:14     | Killed Jorgrun
 27335 | D:14     | Received a gift from Okawaru
 27336 | D:14     | Reached XP level 15. HP: 57/97 MP: 19/24
 27410 | D:13     | Found a frozen archway.
 27415 | IceCv    | Entered an ice cave
 27451 | IceCv    | Found a transporter.
 27475 | IceCv    | Found a transporter.
 28774 | D:14     | Reached skill level 5 in Dodging
 29089 | D:14     | Found a gate to the Vaults.
 29928 | D:15     | Received a gift from Okawaru
 29993 | D:15     | Found a staircase to the Depths.
 30346 | Orc:1    | Killed Harold
 30512 | Orc:2    | Entered Level 2 of the Orcish Mines
 30558 | Orc:2    | Noticed an orc warlord
 30617 | Orc:2    | Killed an orc warlord
 30650 | Orc:2    | Found Ruczukh's General Store.
 30881 | Orc:2    | Reached XP level 16. HP: 73/104 MP: 21/25
 30968 | Orc:2    | Found Uwkoug's Distillery.
 30969 | Orc:2    | Found Diulecyo's Magic Scroll Shoppe.
 30969 | Orc:2    | Found Obranis's Armour Shop.
 30969 | Orc:2    | Found Cecyr's Jewellery Shoppe.
 31123 | Orc:2    | Found Runenn's Distillery.
 31182 | Orc:2    | Found a staircase to the Elven Halls.
 31276 | Orc:2    | Found Ibiojedac's Book Emporium.
 31473 | Orc:2    | Found Zosint's Jewellery Shop.
 32176 | D:10     | Got a flickering copper ring
 32178 | D:10     | Got a wavering pewter ring
 32192 | D:10     | Identified the ring of Wufuhace {MP+9 Int+7} (You found it
                  | on level 10 of the Dungeon)
 32195 | D:10     | Identified the ring "Maskug" {rPois Will+ Dex+3} (You found
                  | it on level 10 of the Dungeon)
 32313 | Snake:1  | Entered Level 1 of the Snake Pit
 32942 | Snake:1  | Received a gift from Okawaru
 34389 | Orc:2    | Bought a potion of heal wounds for 85 gold pieces
 34389 | Orc:2    | Bought a potion of flight for 51 gold pieces
 34389 | Orc:2    | Bought a potion of heal wounds for 85 gold pieces
 34389 | Orc:2    | Bought a potion of curing for 51 gold pieces
 34389 | Orc:2    | Bought a potion of curing for 51 gold pieces
 34389 | Orc:2    | Bought a potion of might for 68 gold pieces
 34389 | Orc:2    | Bought a potion of resistance for 170 gold pieces
 34389 | Orc:2    | Bought a potion of curing for 51 gold pieces
 34389 | Orc:2    | Bought a potion of heal wounds for 85 gold pieces
 34424 | Orc:2    | Bought 2 potions of mutation for 224 gold pieces
 34424 | Orc:2    | Bought a potion of curing for 42 gold pieces
 34424 | Orc:2    | Bought a potion of curing for 42 gold pieces
 34424 | Orc:2    | Bought a potion of cancellation for 112 gold pieces
 34424 | Orc:2    | Bought a potion of resistance for 140 gold pieces
 34425 | Orc:2    | Bought a scroll of teleportation for 48 gold pieces
 34425 | Orc:2    | Bought a scroll of teleportation for 48 gold pieces
 34425 | Orc:2    | Bought a scroll of fog for 32 gold pieces
 34459 | Elf:1    | Entered Level 1 of the Elven Halls
 34789 | Elf:1    | Reached skill level 10 in Dodging
 34813 | Elf:1    | Received a gift from Okawaru
 34851 | Elf:1    | Identified Enea's Incunabulum of Envenoming
 35138 | Elf:1    | Noticed a bone dragon
 35168 | Elf:1    | Killed a bone dragon
 35169 | Elf:1    | Reached XP level 17. HP: 85/110 MP: 19/26
 35924 | Elf:1    | Noticed Azrael
 35946 | Elf:1    | Killed Azrael
 36216 | Elf:1    | Identified Filawn's Collected Works on Unholy Arts
 36319 | Elf:1    | Identified the Disquisition on Shape Shifting
 36429 | Elf:1    | Identified the Disquisition on the Volcanoes
 36561 | Elf:2    | Reached ****** piety under Okawaru
 36639 | Elf:2    | Found a runed translucent gate.
 36640 | Elf:2    | Found a runed translucent gate.
 36645 | Elf:2    | Received a gift from Okawaru
 36824 | Elf:2    | Received a gift from Okawaru
 36843 | Elf:2    | Received a gift from Okawaru
 36848 | Elf:2    | Identified the +5 long sword of the Gnat {vorpal, rPois}
                  | (Okawaru gifted it to you on level 2 of the Elven Halls)
 37065 | Elf:2    | Found a runed translucent gate.
 37167 | Elf:3    | Entered Level 3 of the Elven Halls
 37444 | Elf:3    | Noticed a Brimstone Fiend
 38162 | Elf:1    | Cast into level 2 of the Abyss (+2 battleaxe of distortion)
 38173 | Abyss:2  | Found a corrupted altar of Lugonu.
 38386 | Abyss:2  | Found a corrupted altar of Lugonu.
 38468 | Abyss:2  | Received a gift from Okawaru
 38472 | Abyss:2  | Got a steaming plate armour {god gift}
 38652 | Elf:1    | Escaped the Abyss
 38778 | Elf:2    | Reached XP level 18. HP: 117/117 MP: 25/27
 39148 | Elf:2    | Reached skill level 5 in Armour
 39754 | Lair:3   | Identified the +2 plate armour of Jaisoi {Str+2} (Okawaru
                  | gifted it to you on level 2 of the Abyss)
 39872 | Lair:3   | Killed Deed's ghost
 40364 | Snake:2  | Reached skill level 15 in Fighting
 40694 | Snake:2  | Received a gift from Okawaru
 40695 | Snake:2  | Reached skill level 15 in Shields
 41848 | Snake:3  | Identified the Papyrus of Creative Stones
 42347 | Snake:4  | Entered Level 4 of the Snake Pit
 42517 | Snake:4  | Reached skill level 1 in Evocations
 42788 | Snake:4  | Reached skill level 2 in Evocations
 43127 | Snake:4  | Reached skill level 3 in Evocations
 43168 | Snake:4  | Found a white marble altar of Elyvilon.
 43188 | Snake:4  | Found Uha Paeck's Armour Shoppe.
 43514 | Snake:4  | Received a gift from Okawaru
 43515 | Snake:4  | Reached XP level 19. HP: 98/124 MP: 28/28
 43734 | Snake:4  | Reached skill level 4 in Evocations
 44028 | Snake:4  | Reached skill level 5 in Evocations
 44172 | Snake:4  | Received a gift from Okawaru
 44381 | Snake:4  | Reached skill level 6 in Evocations
 44838 | Snake:4  | Reached skill level 7 in Evocations
 44892 | Snake:4  | Got a serpentine rune of Zot
 45172 | Swamp:1  | Entered Level 1 of the Swamp
 45419 | Swamp:1  | Identified the cursed +0 scale mail "Jaj Puqehaf" {rN+
                  | Will+ SInv}
 46115 | Swamp:1  | Received a gift from Okawaru
 46206 | Swamp:2  | Reached skill level 8 in Evocations
 46283 | Swamp:2  | Noticed Aizul
 46305 | Swamp:2  | Killed Aizul
 46475 | Swamp:2  | Found a runed translucent gate.
 46475 | Swamp:2  | Found a runed translucent gate.
 46666 | Swamp:2  | Noticed xfalz's ghost (journeyman GnSk)
 46667 | Swamp:2  | Found a runed translucent gate.
 46763 | Swamp:2  | Killed xfalz's ghost
 47285 | Swamp:3  | Reached XP level 20. HP: 91/132 MP: 29/29
 47286 | Swamp:3  | Reached skill level 9 in Evocations
 47419 | Swamp:3  | Reached skill level 10 in Armour
 47768 | Swamp:3  | Noticed Donald
 47791 | Swamp:3  | Killed Donald
 47791 | Swamp:3  | Received a gift from Okawaru
 48234 | Swamp:4  | Entered Level 4 of the Swamp
 48819 | Swamp:4  | Reached skill level 10 in Evocations
 49083 | Swamp:4  | Got a decaying rune of Zot
 49495 | Vaults:1 | Entered Level 1 of the Vaults
 50100 | Vaults:1 | Reached skill level 11 in Evocations
 50225 | Vaults:1 | Received a gift from Okawaru
 50259 | Vaults:1 | Reached skill level 1 in Spellcasting
 50408 | Vaults:1 | Found an iron altar of Okawaru.
 50678 | Vaults:1 | Found Wesefom's General Store.
 50681 | Vaults:1 | Bought a scroll of blinking for 105 gold pieces
 50681 | Vaults:1 | Bought 3 scrolls of blinking for 315 gold pieces
 50681 | Vaults:1 | Bought a book of Necromancy for 420 gold pieces
 50681 | Vaults:1 | Bought a wand of acid (8) for 336 gold pieces
 51707 | Vaults:2 | Reached skill level 5 in Spellcasting
 51851 | Vaults:2 | Reached XP level 21. HP: 139/139 MP: 31/31
 51905 | Vaults:2 | Reached skill level 12 in Evocations
 52947 | Vaults:2 | Found a staircase to the Crypt.
 52947 | Vaults:2 | Found an ancient bone altar of Kikubaaqudgha.
 52947 | Vaults:2 | Found a basalt altar of Yredelemnul.
 53085 | Vaults:2 | Found Qicask's Jewellery Boutique.
 53221 | Vaults:3 | Found Kavi's Magic Scroll Shop.
 53567 | Vaults:3 | Received a gift from Okawaru
 53721 | Vaults:3 | Noticed Margery
 53962 | Crypt:1  | Entered Level 1 of the Crypt
 54700 | Crypt:1  | Reached skill level 13 in Evocations
 54710 | Crypt:1  | Found a basalt altar of Yredelemnul.
 54902 | Crypt:3  | Entered Level 3 of the Crypt
 55345 | Crypt:3  | Received a gift from Okawaru
 55746 | Crypt:3  | Noticed an ancient lich
 55770 | Crypt:3  | Killed an ancient lich
 55896 | Crypt:3  | Found a staircase to the Tomb.
 56014 | Crypt:3  | Noticed an ancient lich
 56028 | Crypt:3  | Killed an ancient lich
 56034 | Crypt:3  | Noticed an ancient lich
 56039 | Crypt:3  | Killed an ancient lich
 56046 | Crypt:3  | Identified the Grimoire of the Gliding Rocks
 56105 | Crypt:3  | Got a fine platinum amulet
 56119 | Crypt:3  | Identified the amulet of Ummesupt {Faith +Inv +Fly rF-
                  | rC++} (You found it on level 3 of the Crypt)
 56244 | Crypt:3  | Reached XP level 22. HP: 109/147 MP: 37/37
 56754 | Crypt:3  | Found the +6 Majin-Bo {vamp, MP+6 Int+6}
 56883 | Crypt:3  | Identified a scroll of acquirement
 56883 | Crypt:3  | Acquired 629 gold pieces
 57778 | Crypt:2  | Received a gift from Okawaru
 59293 | Orc:2    | Bought a scroll of remove curse for 48 gold pieces
 59293 | Orc:2    | Bought a scroll of identify for 32 gold pieces
 59293 | Orc:2    | Bought a scroll of identify for 32 gold pieces
 59293 | Orc:2    | Bought a scroll of identify for 32 gold pieces
 59293 | Orc:2    | Bought a scroll of identify for 32 gold pieces
 59293 | Orc:2    | Bought a scroll of identify for 32 gold pieces
 59293 | Orc:2    | Bought a scroll of acquirement for 832 gold pieces
 59293 | Orc:2    | Bought a scroll of remove curse for 48 gold pieces
 59293 | Orc:2    | Bought a scroll of remove curse for 48 gold pieces
 59293 | Orc:2    | Acquired a +2 double sword of holy wrath
 59441 | Elf:3    | Identified the +2 scale mail "Epuc" {Dex-2 Slay+5} (You
                  | found it on level 3 of the Elven Halls)
 59550 | Elf:3    | Identified the +2 morningstar of Courage {flame, rPois rF+
                  | Str+5}
 59729 | Elf:3    | Received a gift from Okawaru
 60470 | Elf:3    | Identified the cursed +0 kite shield of Ohujam {SInv}
 60717 | Elf:3    | Identified the +4 dire flail of a volcano {speed, rF+ Will+
                  | Int+3}
 60717 | Elf:3    | Identified the ring "Neat" {Wiz SInv}
 60802 | Elf:3    | Identified the Catalogue of Damaging Bewitchment
 60816 | Elf:3    | Identified the Handbook of Spatial Contamination
 60903 | Elf:3    | Acquired a manual of Evocations
 61565 | Vaults:3 | Received a gift from Okawaru
 61694 | Vaults:3 | Killed Margery
 61931 | Vaults:3 | Reached XP level 23. HP: 99/153 MP: 38/38
 61936 | Vaults:3 | Reached skill level 14 in Evocations
 62126 | Vaults:3 | Reached skill level 15 in Long Blades
 62228 | Vaults:3 | Received a gift from Okawaru
 62282 | Vaults:3 | Identified the +0 helmet "Lilyroit" {Int+4} (Okawaru gifted
                  | it to you on level 3 of the Vaults)
 62673 | Vaults:3 | Reached skill level 15 in Evocations
 63174 | Vaults:3 | Paralysed by a floating eye for 3 turns
 63696 | Vaults:4 | Reached skill level 16 in Evocations
 63978 | Vaults:4 | Noticed Boris
 63995 | Vaults:4 | Killed Boris
 63995 | Vaults:4 | Received a gift from Okawaru
 65044 | Vaults:4 | Identified the +1 leather armour of Hedonism {Harm rElec
                  | rF- Slay-6} (You found it on level 4 of the Vaults)
 65328 | Depths:1 | Entered Level 1 of the Depths
 65330 | Depths:1 | Found Hyima's Gadget Emporium.
 65359 | Depths:1 | Reached skill level 17 in Evocations
 65533 | Depths:1 | Found Gaem's Distillery.
 65547 | Depths:1 | Bought a potion of haste for 190 gold pieces
 65547 | Depths:1 | Bought a potion of heal wounds for 95 gold pieces
 65547 | Depths:1 | Bought a potion of resistance for 190 gold pieces
 65547 | Depths:1 | Bought a potion of mutation for 152 gold pieces
 65547 | Depths:1 | Bought a potion of resistance for 190 gold pieces
 65701 | Depths:1 | Found a gateway to a ziggurat.
 65756 | Depths:1 | Found Edwairoa's Weapon Shop.
 65840 | Depths:1 | Noticed Nikola
 65870 | Depths:1 | Killed Nikola
 66042 | Depths:1 | Found Ziofieg's Armour Emporium.
 66120 | Depths:1 | Found Unuwkowy's Assorted Antiques.
 66129 | Depths:1 | Bought a scroll of enchant weapon for 285 gold pieces
 66129 | Depths:1 | Bought a scroll of magic mapping for 133 gold pieces
 66719 | Depths:2 | Reached XP level 24. HP: 126/159 MP: 36/38
 66850 | Depths:2 | Reached skill level 18 in Evocations
 66862 | Depths:2 | Received a gift from Okawaru
 66875 | Depths:2 | Identified the +5 scale mail "Nephitiq" {rCorr Int+2 Dex+4}
 66878 | Depths:2 | Identified the +3 morningstar "Killer Bee's Curse" {vorpal,
                  | rElec Str+3 Dex+4}
 67969 | Depths:3 | Received a gift from Okawaru
 68131 | Depths:3 | Found the +7 Kryia's mail coat {PotionHeal*2 rC+}
 68570 | Depths:3 | Found a one-way gate leading to the halls of Pandemonium.
 68930 | Depths:3 | Reached skill level 19 in Evocations
 69061 | Depths:3 | Received a gift from Okawaru
 69064 | Depths:3 | Identified the +1 plate armour of the Realm of Zot {rPois
                  | Regen+ Str-4 Int+3} (Okawaru gifted it to you on level 3 of
                  | the Depths)
 69216 | Depths:5 | Entered Level 5 of the Depths
 70018 | Depths:5 | Found a one-way gate to the infinite horrors of the Abyss.
 70223 | Depths:5 | Found a gate to the Realm of Zot.
 70225 | Depths:5 | Received a gift from Okawaru
 70852 | Depths:4 | Noticed Mara
 70967 | Depths:4 | Reached XP level 25. HP: 132/164 MP: 33/38
 71088 | Depths:4 | Noticed Amplified's illusion
 71204 | Depths:5 | Acquired 959 gold pieces
 71217 | Depths:4 | Noticed Amplified's illusion
 71225 | Depths:4 | Killed Mara
 71307 | Depths:4 | Paralysed by a floating eye for 3 turns
 71484 | Depths:4 | Acquired a book of Conjurations
 71486 | Depths:4 | Acquired 798 gold pieces
 71528 | Depths:4 | Reached skill level 20 in Evocations
 72318 | Depths:4 | Noticed Xtahua
 72341 | Depths:4 | Killed Xtahua
 72538 | Depths:3 | Found the +7 lajatang of Order {silver, rMut}
 72786 | Depths:2 | Found a broken altar of Ashenzari.
 72869 | Depths:2 | Received a gift from Okawaru
 73383 | Depths:2 | Identified the ring of Ocutul {rPois MP-9 Str+5 Dex+6
                  | Slay+2}
 73384 | Depths:2 | Paralysed by a floating eye for 4 turns
 73399 | Depths:1 | Paralysed by a floating eye for 2 turns
 73962 | Depths:2 | You fall into a shaft and drop 1 floor!
 74442 | Hell     | Entered the Vestibule of Hell
 74442 | Hell     | Noticed Geryon
 74516 | Depths:2 | Received a gift from Okawaru
 74959 | Depths:2 | Reached skill level 21 in Evocations
 75155 | Depths:4 | Voluntarily entered the Abyss.
 75259 | Abyss:1  | Found a corrupted altar of Lugonu.
 75571 | Abyss:1  | Reached XP level 26. HP: 94/138 MP: 31/31
 75606 | Abyss:1  | Gained mutation: You do not regenerate when monsters are
                  | visible. [a cacodemon]
 75611 | Abyss:1  | Lost mutation: You do not regenerate when monsters are
                  | visible. [potion of mutation]
 75611 | Abyss:1  | Gained mutation: You are partially covered in rugged brown
                  | scales. (AC +1, +3% HP) [potion of mutation]
 75686 | Depths:4 | Escaped the Abyss
 75688 | Depths:4 | Voluntarily entered the Abyss.
 75875 | Abyss:1  | Found an opulent altar of Gozag.
 76256 | Abyss:2  | Learned a level 2 spell: Passwall
 76396 | Abyss:2  | Reached skill level 1 in Transmutations
 76396 | Abyss:2  | Reached skill level 1 in Earth Magic
 76399 | Abyss:2  | Reached skill level 10 in Spellcasting
 76521 | Abyss:2  | Gained mutation: You have a pair of small antennae on your
                  | head. [a cacodemon]
 76523 | Abyss:2  | Gained mutation: You have a beak for a mouth. [a cacodemon]
 76630 | Abyss:2  | Received a gift from Okawaru
 76967 | Abyss:3  | Gained mutation: You are covered in fur. (AC +1) [a
                  | neqoxec]
 77346 | Abyss:4  | Got an abyssal rune of Zot
 77528 | Abyss:4  | Paralysed by accursed screaming for 1 turns
 77537 | Abyss:4  | Paralysed by accursed screaming for 2 turns
 77552 | Depths:4 | Escaped the Abyss
 77813 | Zot:1    | Entered Level 1 of the Realm of Zot
 77884 | Depths:5 | Reached skill level 1 in Polearms
 78515 | Zot:1    | Found a runed translucent gate.
 78517 | Zot:1    | Found a runed translucent gate.
 78518 | Zot:1    | Found an opulent altar of Gozag.
 78519 | Zot:1    | Found a runed translucent gate.
 78519 | Zot:1    | Noticed dracomuter's ghost (legendary HuFi)
 78520 | Zot:1    | Found Hutits's Assorted Antiques.
 78564 | Zot:1    | Killed dracomuter's ghost
 78565 | Zot:1    | Reached skill level 5 in Polearms
 78583 | Zot:1    | Received a gift from Okawaru
 78761 | Zot:1    | Bought a scroll of acquirement for 1040 gold pieces
 78761 | Zot:1    | Acquired the +0 pair of gloves of the Land of Plenty
                  | {*Drain rPois rF+ Str+4}
 79490 | Zot:2    | Received a gift from Okawaru
 79556 | Zot:2    | Reached XP level 27. HP: 158/184 MP: 35/39
 79726 | Zot:2    | Received a gift from Okawaru
 80830 | D:9      | Bought the +1 pair of gloves of the Scribe {rN++ Str+2} for
                  | 436 gold pieces
 81288 | Slime:1  | Entered Level 1 of the Pits of Slime
 81290 | Slime:1  | Gained mutation: Your spells are a little easier to cast,
                  | but a little less powerful. [a shining eye]
 81298 | Slime:1  | Gained mutation: Armour fits poorly on your strangely
                  | shaped body. [a shining eye]
 81552 | Lair:6   | Reached skill level 10 in Polearms
 82257 | Slime:1  | Lost mutation: Armour fits poorly on your strangely shaped
                  | body. [potion of mutation]
 82257 | Slime:1  | Lost mutation: You have a pair of small antennae on your
                  | head. [potion of mutation]
 82257 | Slime:1  | Gained mutation: You are frail. (-10% HP) [potion of
                  | mutation]
 82257 | Slime:1  | Gained mutation: You have a pair of small antennae on your
                  | head. [potion of mutation]
 82264 | Slime:1  | Lost mutation: You have a pair of small antennae on your
                  | head. [potion of mutation]
 82264 | Slime:1  | Lost mutation: You have a beak for a mouth. [potion of
                  | mutation]
 82264 | Slime:1  | Lost mutation: You are frail. (-10% HP) [potion of
                  | mutation]
 82264 | Slime:1  | Lost mutation: You are covered in fur. (AC +1) [potion of
                  | mutation]
 82264 | Slime:1  | Gained mutation: You are weak. (Str -2) [potion of
                  | mutation]
 82264 | Slime:1  | Gained mutation: You are mostly covered in rugged brown
                  | scales. (AC +2, +5% HP) [potion of mutation]
 82281 | Slime:2  | Noticed Dissolution
 82304 | Slime:1  | Killed Dissolution
 83043 | Slime:3  | Gained mutation: You have large cloven feet. [a shining
                  | eye]
 83441 | Slime:3  | Gained mutation: Scrolls take you a little longer to read.
                  | [a shining eye]
 83448 | Slime:3  | Gained mutation: You are frail. (-10% HP) [a shining eye]
 83508 | Slime:1  | Paralysed by a great orb of eyes for 4 turns
 83993 | Slime:3  | Gained mutation: You are clumsy. (Dex -2) [a shining eye]
 83993 | Slime:3  | Gained mutation: You are very frail. (-20% HP) [a shining
                  | eye]
 84325 | Slime:5  | Entered Level 5 of the Pits of Slime
 85008 | Slime:5  | Noticed the Royal Jelly
 85650 | Slime:4  | Reached skill level 22 in Evocations
 85727 | Slime:5  | Paralysed by a floating eye for 4 turns
 86079 | Slime:4  | Lost mutation: You are weak. (Str -2) [potion of mutation]
 86079 | Slime:4  | Lost mutation: Your spells are a little easier to cast, but
                  | a little less powerful. [potion of mutation]
 86079 | Slime:4  | Lost mutation: You are clumsy. (Dex -2) [potion of
                  | mutation]
 86079 | Slime:4  | Gained mutation: You are completely covered in rugged brown
                  | scales. (AC +3, +7% HP) [potion of mutation]
 86079 | Slime:4  | Lost mutation: Scrolls take you a little longer to read.
                  | [potion of mutation]
 86354 | Slime:5  | Lost mutation: You are very frail. (-20% HP) [potion of
                  | mutation]
 86354 | Slime:5  | Lost mutation: You are frail. (-10% HP) [potion of
                  | mutation]
 86354 | Slime:5  | Gained mutation: Armour fits poorly on your strangely
                  | shaped body. [potion of mutation]
 86354 | Slime:5  | Lost mutation: Armour fits poorly on your strangely shaped
                  | body. [potion of mutation]
 86354 | Slime:5  | Gained mutation: You evolve. [potion of mutation]
 86458 | Slime:5  | Found a viscous altar of Jiyva.
 86459 | Slime:5  | Found the +7 sceptre of Torment {pain, torment}
 86639 | Slime:5  | Paralysed by a floating eye for 2 turns
 86949 | Slime:5  | Killed the Royal Jelly
 86949 | Slime:5  | Received a gift from Okawaru
 87188 | Slime:5  | Got a flickering amber ring
 87189 | Slime:5  | Identified the ring of Fragile Peace {rPois rF+} (You found
                  | it on level 5 of the Pits of Slime)
 87192 | Slime:5  | Identified the cursed +1 trident of Pepnu {speed, Stlth+}
                  | (You found it on level 5 of the Pits of Slime)
 87241 | Slime:5  | Got a slimy rune of Zot
 88008 | Vaults:5 | Entered Level 5 of the Vaults
 88008 | Vaults:5 | Found Pecacuva's Antique Weapon Boutique.
 88538 | Vaults:5 | Gained mutation: You are robust. (+10% HP) [a shining eye]
 88817 | Vaults:5 | Received a gift from Okawaru
 88871 | Vaults:5 | Got a heavily runed silver ring
 88883 | Vaults:5 | Identified the ring "Akhlagh" {Will+ Str+6} (You found it
                  | on level 5 of the Vaults)
 88884 | Vaults:5 | Identified the +1 scale mail of Wady {Will+} (You found it
                  | on level 5 of the Vaults)
 89028 | Vaults:5 | Identified the +4 robe of Anaesthesia {*Corrode Regen+ MP+9
                  | Str+2 Dex+3}
 89028 | Vaults:5 | Identified the +5 plate armour of the Crypt {Int+6 Slay+2}
 89411 | Vaults:5 | Identified the Volume of the Mutagenic Mountains
 89432 | Vaults:5 | Got a silver rune of Zot
 89498 | Vaults:5 | Received a gift from Okawaru
 89801 | Vaults:5 | Cast into level 4 of the Abyss (a lich)
 89801 | Abyss:4  | Found a corrupted altar of Lugonu.
 89831 | Vaults:5 | Escaped the Abyss
 90374 | Vaults:5 | Received a gift from Okawaru
 90498 | Vaults:5 | Reached skill level 23 in Evocations
 90623 | Vaults:5 | Identified the Disquisition on Flames and Beguiling
 91300 | Orc:2    | Bought a scroll of enchant armour for 82 gold pieces
 91300 | Orc:2    | Bought a scroll of identify for 22 gold pieces
 91300 | Orc:2    | Bought a scroll of identify for 22 gold pieces
 91300 | Orc:2    | Bought a scroll of fog for 22 gold pieces
 91736 | Zig:1    | Entered Level 1 of a ziggurat
 91758 | Zig:2    | Entered Level 2 of a ziggurat
 91925 | Zig:3    | Entered Level 3 of a ziggurat
 92083 | Zig:4    | Entered Level 4 of a ziggurat
 92127 | Zig:4    | Acquired the ring of Nikh {rElec Will+ MP+9 Int+2}
 92160 | Zig:5    | Entered Level 5 of a ziggurat
 92252 | Zig:6    | Entered Level 6 of a ziggurat
 92254 | Zig:6    | Noticed a royal mummy
 92270 | Zig:6    | Killed a royal mummy
 92283 | Zig:6    | Identified the ring of Jitwyas {rN+ Str+4} (You found it on
                  | level 6 of a ziggurat)
 92302 | Zig:7    | Entered Level 7 of a ziggurat
 92642 | Zig:7    | Found the +8 mithril axe "Arga" {speed, Will+}
 92642 | Zig:7    | Noticed Vegin the pandemonium lord
 94160 | Zot:3    | Noticed an orb of fire
 94162 | Zot:3    | Gained mutation: Your body sometimes deteriorates upon
                  | taking damage. [an orb of fire]
 94170 | Zot:3    | Gained mutation: Your body often deteriorates upon taking
                  | damage. [an orb of fire]
 94207 | Zot:3    | Killed an orb of fire
 94257 | Zot:3    | Received a gift from Okawaru
 95211 | Zot:3    | Identified the +2 scale mail of Deorel {Harm rElec Dex-5}
                  | (You found it on level 3 of the Realm of Zot)
 95628 | Zot:4    | Reached skill level 15 in Invocations
 96329 | Zot:4    | Received a gift from Okawaru
 96608 | Zot:4    | Identified Kycyeni's Tome of the Mountains
 96694 | Zot:4    | Identified the +5 ring mail of Theory {Regen+ rCorr} (You
                  | found it on level 4 of the Realm of Zot)
 96823 | Zot:4    | Reached skill level 24 in Evocations
 97361 | Zot:5    | Entered Level 5 of the Realm of Zot
 98227 | Zot:5    | Received a gift from Okawaru
 99066 | Zot:5    | Noticed an ancient lich
 99082 | Zot:5    | Killed an ancient lich
 99099 | Zot:5    | Noticed an orb of fire
 99104 | Zot:5    | Gained mutation: You do not regenerate when monsters are
                  | visible. [an orb of fire]
 99139 | Zot:5    | Noticed an orb of fire
 99151 | Zot:5    | Noticed an orb of fire
 99186 | Zot:5    | Killed an orb of fire
 99186 | Zot:5    | Received a gift from Okawaru
 99197 | Zot:5    | HP: 7/215 [orb of fire/fireball (6)]
 99202 | Zot:5    | Mangled by an Orb Guardian

Illustrated notes

Levels and vault maps discovered:
D:1:      ldierk_walled_garden_2, layout_loops_ring
D:2:      layout_loops_corners, lemuel_statue_altar
D:3:      minmay_spotlight, layout_loops_cross
D:4:      layout_loops_ring, gammafunk_temple_overflow_elements,
          okawaru_ov_weapons_minmay, general_overflow_altar,
          minmay_temple_entry_large_hall, ebering_ghost_disaster_area
D:5:      layout_basic, marbit_many_paths, gup_sewer_entry_bubbles,
          uniq_prince_ribbit1
D:6:      minmay_octagon_keep, layout_rooms, nicolae_tso_carved_into_rock
D:7:      layout_basic, chequers_jeans, nemelex_lonely_heart_becter
D:8:      layout_layer_cave, serial_shops, shop, uniq_grum, uniq_pikel
D:9:      layout_loops_ring, lemuel_doored_altar, makhleb_altar_promises_db,
          nzn_hepliaklqana_mist_gate, serial_shops, shop, uniq_psyche
D:10:     layout_long_grid, nicolae_straight_to_the_point
D:11:     layout_basic, lair_entry_dummy, hangedman_misty_isle, uniq_urug
D:12:     layout_cave_pools, david_orc_1_choice, corexii_hall_statues_s,
          roderic_nine_men_s_morris, uniq_josephine
D:13:     layout_basic, portal_ice_cave_entry_pillars_1
D:14:     layout_loops_corners, david_vaults_4, lemuel_coloured_pillars_altar,
          lemuel_flamethrower_2, uniq_roxanne, uniq_kirke, uniq_jorgrun
D:15:     grunt_enter_depths_hoard, layout_basic, solitary_fountain,
          serial_undead, serial_undead_f, serial_undead_a, serial_undead_d,
          serial_undead_b, serial_undead_d, serial_undead_e
Lair:1:   layout_cave_pods
Lair:2:   layout_roguey, palyth_hydra_swamp_entry,
          minmay_snake_entry_guardpost_small, gauntlet_entry_generic,
          basic_altar, beast_lair_carwin_9
Lair:3:   layout_loops_ring, gammafunk_ghost_arena, kennysheep_catoblepas_arena,
          minmay_lair_oklob_chamber
Lair:4:   layout_concentric_octagons, minmay_lair_drake_nest,
          serial_bayou_shore_a
Lair:5:   layout_regular_city, grunt_megastairs_2
Lair:6:   evil_forest, layout_small_grid, slime_dummy, wad_woods_01, uniq_rupert
Swamp:1:  cheibrodos_swamp_monstrosity, layout_basic_swamp,
          hangedman_swamp_ruin_hall, infiniplex_staircase_pool
Swamp:2:  layout_falls_marsh, gammafunk_ghost_split, hangedman_swamp_diagram,
          swamp_pool3, uniq_aizul
Swamp:3:  nicolae_swamp_phyte_club, layout_falls_marsh,
          evilmike_swamp_ruin_house_1, water_boxes_lemuel, uniq_donald
Swamp:4:  swamp, layout_basic_swamp
Snake:1:  layout_rooms, special_room, serial_bayou_shore_b, grunt_megastairs_4
Snake:2:  layout_basic
Snake:3:  layout_layer_cave, serial_bayou_lagoon_b, grunt_megastairs_5
Snake:4:  snake_pit_salamanders_mu, layout_misc_corridors, basic_altar,
          serial_shops, shop, grunt_ministairs_12, nrook_guardian_serpent_double
Slime:1:  layout_caves
Slime:2:  nicolae_slime_pool, layout_caves, dissolution_awaits
Slime:3:  layout_caves
Slime:4:  layout_caves
Slime:5
Orc:1:    layout_caves, uniq_harold
Orc:2:    st_orc_ogre_mass, layout_diamond_mine, serial_shops, shop,
          nicolae_shop_stone, nicolae_shop_statue_plus, shop
Elf:1:    layout_loops_corners, serial_hangedman_research,
          hangedman_research_pyrotechnics, hangedman_research_thanatology,
          hangedman_research_metamorphosis, hangedman_research_toxicology,
          hangedman_elf_represent, uniq_azrael
Elf:2:    layout_loops_cross
Elf:3:    minmay_elf_hall_circle, layout_geoelf_castle
Vaults:1: v_misc_9, st_lattice, grunt_vaults_focal,
          nicolae_vaults_mini_display_case, v_rooms_5, hangedman_vaults_stagger,
          ontoclasm_vaults_fault, v_misc_22, layout_vaults_omnigrid,
          serial_shops, nicolae_shop_behind_doors, basic_altar
Vaults:2: hangedman_vaults_corner, ontoclasm_vaults_chip,
          hangedman_vaults_slice, minmay_crypt_entry_necro_gods,
          hangedman_vaults_locks, v_misc_31, nicolae_vaults_little_squares_2,
          vaults_dpeg_ring, layout_vaults_big_room, serial_shops,
          nicolae_shop_crystal
Vaults:3: nicolae_vaults_triangles, vaults_mumra_lcd, st_greater_box_1,
          nicolae_vaults_network_barrier, ontoclasm_vaults_shuriken, v_misc_23,
          hangedman_vaults_cutoff, vaults_mumra_hex, ontoclasm_vaults_gateway,
          nicolae_vaults_little_squares_4, vaults_room_pool,
          layout_vaults_omnibox, serial_shops, shop, uniq_margery
Vaults:4: nicolae_vaults_alarming, nicolae_vaults_quartermaster,
          nicolae_vaults_big_angled_halls, v_alt_pattern_1,
          vaults_dpeg_diagonal, v_alt_pattern_3,
          nicolae_vaults_little_squares_6, v_misc_15,
          nicolae_vaults_diagonal_hallway_6, vaults_room_fancy_cross,
          vaults_room_door_hall, vaults_mumra_minichess,
          nicolae_vaults_circle_grid_a, dpeg_vaults_monster_box,
          vaults_room_corners, vaults_dpeg_encased_lava, layout_vaults_ring,
          uniq_boris
Vaults:5
Crypt:1:  layout_gridlike, basic_altar, grunt_crypt_arrival_guarded_gate
Crypt:2:  layout_catacombs, minmay_misc_feat_alley
Crypt:3:  quadcrypt_mu
Depths:1: layout_gridlike, enter_ziggurat_d, pf_hell_entry_great_geh,
          serial_shops, kennysheep_little_box, nicolae_shop_crystal,
          nicolae_shop_overgrown_old_shop, kennysheep_mini, shop_fountains,
          kennysheep_crisscross, minmay_misc_feat_tiny, minmay_misc_feat_five,
          minmay_fire_ice_demons, uniq_nikola
Depths:2: minmay_the_grid_square_5x5_4x4_mashed
          [minmay_the_grid_square_5x5_dogpile, minmay_the_grid_square_5x5_seven,
          minmay_the_grid_square_5x5_two_walls_a,
          minmay_the_grid_square_5x5_fancy_junction,
          minmay_the_grid_square_5x5_intrusive_squares,
          minmay_the_grid_square_5x5_prize_snowflake,
          minmay_the_grid_square_5x5_prize_waves,
          minmay_the_grid_square_5x5_inset, minmay_the_grid_square_5x5_n,
          minmay_the_grid_square_5x5_prize_monsterx,
          minmay_the_grid_square_5x5_prize_rear_guard,
          minmay_the_grid_square_5x5_mess, minmay_the_grid_square_5x5_spiral,
          minmay_the_grid_square_5x5_meh, minmay_the_grid_square_5x5_gyroscope,
          minmay_the_grid_square_5x5_inner_i], layout_honeycomb,
          infiniplex_staircase_trident, hellmouth_1, ashenzari_altar_1
Depths:3: minmay_quantized_circle, layout_gridlike, pf_hell_entry_tar_spiral,
          pan_entry, infiniplex_staircase_river, firewood_loft
Depths:4: kennysheep_blocky_hall, layout_cave_pools, minmay_room_of_horrors,
          hell_entry, hangedman_abyss_or_decor_passed, uniq_mara, uniq_xtahua
Depths:5: grunt_twist_and_shout, layout_honeycomb, grunt_decor_cap, abyss_entry,
          hell_entry, st_stairs_14
Hell
Zot:1:    layout_onion, ebering_ghost_gozag
Zot:2:    kennysheep_spiral_hall, layout_misc_corridors
Zot:3:    evilmike_crystal_ball_defense, layout_basic
Zot:4:    layout_gridlike, st_large_dragon_hoard_2
Zot:5:    layout_basic, hangedman_zot_decor_tridents, grunt_ministairs_4,
          st_stairs_7, nrook_zot_tub

Skill      XL: |  1  2  3  4  5  6  7  8  9 10 11 12 13 14 15 16 17 18 19 20 21 22 23 24 25 26 27 |
---------------+----------------------------------------------------------------------------------+-----
Shields        | 3 4 5 6 8 9 10 11 12 13 14 15 16 17 18 19 20 21 | 21.6
Fighting       | 3 4 5 6 8 9 10 11 12 13 14 15 16 17 18 19 20 22 | 22.1
Short Blades   | 3 4 5 6 7 9 |  9.5
Armour         | 3 4 7 9 11 13 | 13.6
Invocations    | 1 3 5 6 8 9 10 16 | 16.8
Long Blades    | 4 6 8 10 11 12 13 14 17 18 | 18.5
Dodging        | 3 7 10 12 | 12.3
Evocations     | 3 8 11 13 17 19 21 24 | 24.6
Spellcasting   | 5 9 10 | 10.6
Transmutations | 3 |  3.2
Earth Magic    | 3 |  3.2
Polearms       | 7 12 | 12.0

Action                   |  1- 3 |  4- 6 |  7- 9 | 10-12 | 13-15 | 16-18 | 19-21 | 22-24 | 25-27 || total
-------------------------+-------+-------+-------+-------+-------+-------+-------+-------+-------++-------
Melee: Rapier            |   103 |    21 |       |       |       |       |       |       |       ||   124
       Dagger            |       |   262 |   624 |  1749 |   112 |   152 |   204 |   244 |   333 ||  3680
       Scimitar          |       |       |       |   138 |  1422 |  2149 |  2550 |   361 |       ||  6620
       Unarmed           |       |       |       |       |       |     6 |       |       |       ||     6
       Double sword      |       |       |       |       |       |       |       |  2277 |  1661 ||  3938
       Lance             |       |       |       |       |       |       |       |       |  3531 ||  3531
       Peck              |       |       |       |       |       |       |       |       |   335 ||   335
 Fire: Hunting sling     |     6 |       |       |       |       |       |       |       |       ||     6
Throw: Stone             |     1 |     2 |       |       |       |       |       |       |       ||     3
       Dart              |       |     2 |     9 |     4 |       |     1 |     1 |     2 |     7 ||    26
       Throwing net      |       |       |     3 |       |       |       |     4 |     1 |     3 ||    11
 Cast: Passwall          |       |       |       |       |       |       |       |       |     3 ||     3
Invok: Heroism           |       |       |     3 |    30 |    38 |    52 |    36 |    45 |    96 ||   300
       Finesse           |       |       |       |     5 |    13 |     4 |     8 |    16 |    29 ||    75
 Abil: Evoke Invisibilit |       |       |       |       |       |       |       |       |     3 ||     3
Evoke: Wand              |       |     1 |    14 |     8 |     7 |     2 |    13 |    13 |    13 ||    71
       Phial of floods   |       |       |       |       |       |       |       |     1 |       ||     1
       Tin of tremorston |       |       |       |       |       |       |       |     7 |    10 ||    17
       Lightning rod     |       |       |       |       |       |       |       |     1 |       ||     1
       Phantom mirror    |       |       |       |       |       |       |       |       |     1 ||     1
       Condenser vane    |       |       |       |       |       |       |       |       |     1 ||     1
  Use: Potion            |     2 |     3 |     4 |     8 |    13 |     7 |     9 |     9 |    43 ||    98
       Scroll            |     1 |     6 |    11 |    13 |    23 |    14 |    15 |    28 |    56 ||   167
 Stab: Paralysed         |       |     2 |       |     2 |     3 |       |       |       |     2 ||     9
       Confused          |       |       |     2 |       |       |       |     3 |     3 |       ||     8
       Held in net/web   |       |       |     2 |       |       |       |     7 |     1 |     3 ||    13
       Invisible         |       |       |       |       |     3 |       |    22 |       |    13 ||    38
       Petrifying        |       |       |       |       |       |     2 |       |       |       ||     2
       Distracted        |       |       |       |       |       |       |       |     1 |     2 ||     3
Armor: Scale mail        |    28 |   104 |   187 |   229 |   180 |       |       |       |   191 ||   919
       Skin              |       |       |       |    45 |       |       |       |       |       ||    45
       Chain mail        |       |       |       |       |   165 |   334 |   417 |   486 |   445 ||  1847
       Storm dragon scal |       |       |       |       |       |       |       |       |   192 ||   192
Dodge: Dodged            |    20 |    63 |    94 |   326 |   385 |   632 |   891 |   757 |  1397 ||  4565
Block: Kite shield       |    46 |    97 |   292 |   952 |  1274 |  1906 |  2216 |       |       ||  6783
       Reflection        |       |       |     3 |    27 |    43 |   205 |   111 |       |       ||   389
       Tower shield      |       |       |       |       |       |       |   146 |  2506 |  4455 ||  7107
       Rpst.: Scimitar   |       |       |       |     8 |   105 |   113 |   126 |    17 |       ||   369
       Double sword      |       |       |       |       |       |       |       |    90 |    80 ||   170
